 Dungeon Crawl Stone Soup version 0.25-a0-547-g27a0b5d (webtiles) character file.

Game seed: 3738202331858667013, levelgen mode: deterministic

308 wolfsongas the Chiller (level 6, -7/42 HPs)
             Began as a Merfolk Ice Elementalist on Feb 22, 2020.
             Mangled by Menkaure (20 damage)
             ... on level 4 of the Dungeon.
             The game lasted 00:09:59 (3058 turns).

wolfsongas the Chiller (Merfolk Ice Elementalist)   Turns: 3058, Time: 00:10:00

Health: -7/42      AC:  3    Str: 12    XL:     6   Next: 40%
Magic:  8/12       EV: 14    Int: 14    God:
Gold:   118        SH:  0    Dex: 15    Spells: 7/12 levels left

rFire    . . .     SeeInvis .   (no weapon)
rCold    . . .     Gourm    .   (no shield)
rNeg     + . .     Faith    .   b - +0 leather armour
rPois    .         Spirit   .   (helmet restricted)
rElec    .         Reflect  .   (no cloak)
rCorr    .         Harm     .   (no gloves)
MR       .....                  (no boots)
Stlth    ++........             (no amulet)
HPRegen  0.14/turn              l - ring of positive energy
MPRegen  0.13/turn              (no ring)

@: no status effects
A: change form in water, swift swim, stealthy swim, horns 1, high mp 1, strong
1, sturdy frame 1
a: no special abilities


You were on level 4 of the Dungeon.
You were not hungry.

You visited 1 branch of the dungeon, and saw 4 of its levels.

You collected 118 gold pieces.

Inventory:

Hand Weapons
 g - a +0 dagger
Armour
 a - a +0 robe
 b - a +0 leather armour (worn)
Jewellery
 l - a ring of positive energy (left hand)
Wands
 n - a wand of clouds (4)
Scrolls
 h - a scroll of teleportation
 j - 3 scrolls of remove curse
 k - a scroll of fog
Potions
 d - a potion of mutation
 e - a potion of haste
 f - 2 potions of stabbing
Comestibles
 c - 5 rations
 i - a chunk of flesh


   Skills:
 - Level 0.4 Fighting
 - Level 4.0 Dodging
 - Level 2.1 Stealth
 + Level 3.8 Spellcasting
 * Level 3.7 Summonings
 - Level 5.0 Ice Magic


You had 7 spell levels left.
You knew the following spells:

 Your Spells              Type           Power        Failure   Level  Hunger
a - Freeze                Ice            ###.         2%          1    None
b - Summon Ice Beast      Ice/Summ       ##......     34%         4    ####...

Your spell library contained the following spells:

 Spells                   Type           Power        Failure   Level  Hunger
 Frozen Ramparts          Ice            ###...       8%          3    ###....
 Ozocubu's Armour         Chrm/Ice       #.......     22%         3    ###....
 Hailstorm                Conj/Ice       #.......     58%         4    ####...


Dungeon Overview and Level Annotations

Branches:
Dungeon (4/15)
 Temple: D:4-7

Altars:
Dithmenos
Gozag
Okawaru
Qazlal
Zin

Annotations:
D:4 Menkaure


Innate Abilities, Weirdness & Mutations

You revert to your normal form in water.
You are very nimble and swift while swimming.
You are very stealthy in the water. (Stealth+)
You have a pair of small horns on your head.
You have an increased reservoir of magic. (+10% MP)
Your muscles are strong. (Str +2)
Your movements are slightly less encumbered by armour. (ER -2)


Message History

Menkaure resists.
You freeze Menkaure.
Menkaure is lightly damaged.
Menkaure points at you and mumbles some strange words.
Pain shoots through your body!
Casting: Freeze (safe; 2% risk of failure)
Confirm with . or Enter, or press ? or * to list all spells.
Aiming: Freeze (safe; 2% risk of failure)
Press: ? - help, Shift-Dir - straight line, f/p - Menkaure
Aim: Menkaure (lightly damaged) Menkaure resists.
You freeze Menkaure.
Menkaure is moderately damaged.
Casting: Freeze (safe; 2% risk of failure)
Confirm with . or Enter, or press ? or * to list all spells.
Aiming: Freeze (safe; 2% risk of failure)
Press: ? - help, Shift-Dir - straight line, f/p - Menkaure
Aim: Menkaure (moderately damaged) Menkaure resists.
You freeze Menkaure.
Menkaure is heavily damaged.
Menkaure hits you!!
You die...

,,,,,* *,***,*,,,,,,,,,,* *
,,,,,* *,* #.#.....,,,,,* *
,,,,,* *,* #.#....,,,,,,* *
,,,,,* *,*##.#....,,,**,*******
,,,,** *,*#......,,,,,,,*,,,,,,
,,,,* *,##.....###**,*,*,*****
,>,,* *,#........,,,,,,*,* ,,,,*
*,*#..M..#****,***,* ,,,,*
*,*#...@.#,,,*,* *,* ,,,,*
*,*#.....#,*,*,* *,* ,,,,*
*,*#....<#,*,*,* *,*
,,,,******,*#.....#,*,*,* *,*
,,,,,,,,,*,*#.....#,*,*,* *,*
,,,,,,,,,*,*#$....#,*,*,* *,*
******,,,,,..######,*,*,* *,* ***
*,,,*.#.******,*,*,* *,*****
******,,,*,#,*,,,,,,,,,,***,,,,,,


You could see Menkaure.

Vanquished Creatures
  Sigmund (D:3)
  Ijyb (D:3)
  Robin (D:3)
  4 adders
  An ooze (D:1)
  A worm (D:2)
  2 dart slugs (D:1)
  A leopard gecko (D:3)
  5 orcs (D:3)
  3 giant cockroaches
  19 goblins
  8 hobgoblins
  5 jackals
  6 kobolds
  2 quokkas
  3 ball pythons
  7 bats
  7 frilled lizards
  12 rats
89 creatures vanquished.

Vanquished Creatures (others)
  A goblin (D:3)
1 creature vanquished.

Grand Total: 90 creatures vanquished

Notes
Turn   | Place    | Note
-------+----------+-------------------------------------------
     0 | D:1      | wolfsongas the Merfolk Ice Elementalist began the quest for
                  | the Orb.
     0 | D:1      | Reached XP level 1. HP: 13/13 MP: 3/3
   314 | D:1      | Reached XP level 2. HP: 19/19 MP: 1/5
   718 | D:1      | Reached XP level 3. HP: 20/24 MP: 1/6
  1000 | D:2      | Found a shadowy altar of Dithmenos.
  1225 | D:2      | Reached skill level 5 in Ice Magic
  1225 | D:2      | Reached XP level 4. HP: 30/30 MP: 2/8
  1291 | D:2      | Learned a level 4 spell: Summon Ice Beast
  1375 | D:2      | Found a glowing silver altar of Zin.
  1723 | D:2      | Noticed an earth elemental
  1731 | D:2      | Found a stormy altar of Qazlal.
  1732 | D:2      | Noticed a water elemental
  1732 | D:2      | Noticed a fire elemental
  1732 | D:2      | Noticed an air elemental
  1937 | D:2      | Found an iron altar of Okawaru.
  2074 | D:3      | Reached skill level 1 in Summonings
  2208 | D:3      | Found an opulent altar of Gozag.
  2362 | D:3      | Noticed Sigmund
  2373 | D:3      | Killed Sigmund
  2373 | D:3      | Reached XP level 5. HP: 33/36 MP: 1/10
  2373 | D:3      | Reached XP level 6. HP: 39/42 MP: 1/11
  2475 | D:3      | Gained mutation: You have a pair of small horns on your
                  | head. [potion of mutation]
  2475 | D:3      | Gained mutation: Your movements are slightly less
                  | encumbered by armour. (ER -2) [potion of mutation]
  2475 | D:3      | Gained mutation: You have an increased reservoir of magic.
                  | (+10% MP) [potion of mutation]
  2475 | D:3      | Gained mutation: Your muscles are strong. (Str +2) [potion
                  | of mutation]
  2505 | D:3      | Noticed Ijyb
  2643 | D:3      | Killed Ijyb
  2686 | D:3      | Noticed Robin
  2696 | D:3      | Killed Robin
  3051 | D:4      | Noticed Menkaure
  3058 | D:4      | Mangled by Menkaure

Levels and vault maps discovered:
D:1:      eino_arrival_cavern_d, layout_rooms
D:2:      layout_basic, lemuel_crystal_altar, nicolae_dithmenos_shadow_blocks,
          lemuel_crystal_altar, nicolae_qazlal_style_of_elements
D:3:      layout_rooms, nicolae_gozag_seed_capital, uniq_sigmund, uniq_robin,
          uniq_ijyb
D:4:      layout_basic, lemuel_doored_altar, serial_shops, shop_fountains,
          portal_sewer_entry_a, uniq_menkaure

Skill      XL: |  1  2  3  4 |
---------------+-------------+-----
Dodging        | 3 4 |  4.0
Ice Magic      | 5 |  5.0
Summonings     | 3 |  3.7
Spellcasting   | 3 |  3.8
Fighting       | |  0.4
Stealth        | |  2.1

Action                   |  1- 3 |  4- 6 || total
-------------------------+-------+-------++-------
Melee: Unarmed           |     5 |     4 ||     9
 Cast: Freeze            |    59 |    95 ||   154
  Use: Scroll            |     4 |     4 ||     8
       Potion            |     2 |     2 ||     4
  Eat: Chunk             |     2 |     3 ||     5
       Ration            |       |     1 ||     1
Armor: Leather armour    |    14 |    15 ||    29
Dodge: Dodged            |    54 |    43 ||    97

Table legend:
 A = Non-vault XP
 B = Vault XP
 C = Vault XP percentage of total XP
 D = Non-vault monster count
 E = Vault monster count
 F = Vault count percentage of total count
                 A         B        C        D         E       F
            +---------+---------+-------+---------+---------+-------
      Total |     179 |     262 |  59.4 |      74 |      15 |  16.9
            +---------+---------+-------+---------+---------+-------
        D:1 |      38 |       0 |   0.0 |      19 |       0 |   0.0
        D:2 |      69 |       0 |   0.0 |      28 |       0 |   0.0
        D:3 |      72 |     262 |  78.4 |      27 |      15 |  35.7
            +---------+---------+-------+---------+---------+-------
